 Dungeon Crawl Stone Soup version 0.28-a0-984-g3775c662fe (webtiles) character file.

Game seed: 12713324972515867470

0 meatgazer the Skirmisher (level 1, -24/18 HPs)
             Began as a Demonspawn Abyssal Knight on Dec 3, 2021.
             Was a Follower of Lugonu.
             Blown up by a cacodemon (42 damage)
             ... with a bolt of energy
             ... on level 1 of the Abyss.
             The game lasted 00:00:13 (70 turns).

meatgazer the Skirmisher (Demonspawn Abyssal Knight)  Turns: 70, Time: 00:00:13

Health: -24/18     AC:  3    Str: 13    XL:     1   Next: 0%
Magic:  2/2        EV: 11    Int: 11    God:    Lugonu [*.....]
Gold:   0          SH:  0    Dex: 11    Spells: 0/0 levels left

rFire   . . .      SeeInvis .   a - +1 falchion
rCold   . . .      Faith    .   (no shield)
rNeg    . . .      Spirit   .   b - +0 leather armour
rPois   .          Reflect  .   (no helmet)
rElec   .          Harm     .   (no cloak)
rCorr   .          Rampage  .   (no gloves)
Will    .....                   (no boots)
Stlth   +.........              (no amulet)
HPRegen 0.06/turn               (no ring)
MPRegen 0.08/turn               (no ring)

@: confused, brilliant
A: clumsy 1
a: Renounce Religion, Depart the Abyss


You were on level 1 of the Abyss.
You worshipped Lugonu.
Lugonu was aware of your devotion.
You visited 0 branches of the dungeon, and saw 0 of its levels.
You visited the Abyss 1 time.

Inventory:

Hand Weapons
 a - a +1 falchion (weapon)
Armour
 b - a +0 leather armour (worn)


   Skills:
 + Level 3.0 Fighting
 + Level 1.7 Long Blades
 + Level 1.7 Armour
 + Level 0.8 Dodging
 + Level 2.4 Invocations


You couldn't memorise any spells.
You didn't know any spells.
Your spell library was empty.

Dungeon Overview and Level Annotations

Branches:
Dungeon (0/15)

Altars:


Innate Abilities, Weirdness & Mutations

You are clumsy. (Dex -2)


Message History

Welcome, meatgazer the Demonspawn Abyssal Knight.
Will you prevail where others failed? Will you find the Orb of Zot?
Lugonu says: Depart the Abyss and spread corruption, my servant! (use the ability menu to exit the Abyss) Press ? for a list of commands and other information.
Found a corrupted altar of Lugonu.
c - a pink potion
Found a gateway leading out of the Abyss.
d - a viscous grey potion A tentacled starspawn appears in a shower of translocational energy.
It was a potion of heal wounds.
You feel much better.
It was a potion of brilliance.
You feel clever all of a sudden.
A cacodemon comes into view.
The cacodemon shouts!
The cacodemon gestures at you.
Strange energies course through your body.
You feel clumsy. The cacodemon gestures at you.
You are confused.
You bump into the crystal wall.
A tentacle flies out from the starspawn's body!
A starspawn tentacle comes into view.
The cacodemon gestures at you. The bolt of energy hits you!!!
Ouch! That really hurt!
You die...

.###.
#..#.#X....# #
.....
#.........#.#
.......#..#...
## #..#..#X###
#
##..##2#.....#
#......#######
#..##...#
...#.#.#.## ..
...#@..#
...#.##.#
..#..## ... .
. .. ..... #
..# .##.## #..
.. .# ##. #. #
.#


You could see a cacodemon and a tentacled starspawn.

Vanquished Creatures (others)
  2 starspawn tentacles (Abyss:1)
2 creatures vanquished.

Notes
Turn   | Place    | Note
-------+----------+-------------------------------------------
     0 | Abyss:1  | meatgazer the Demonspawn Abyssal Knight began the quest for
                  | the Orb.
     0 | Abyss:1  | Reached XP level 1. HP: 18/18 MP: 2/2
    57 | Abyss:1  | Noticed a tentacled starspawn
    60 | Abyss:1  | Noticed a cacodemon
    60 | Abyss:1  | Gained mutation: You are clumsy. (Dex -2) [a cacodemon]
    70 | Abyss:1  | Blown up by a cacodemon

Illustrated notes

Levels and vault maps discovered:
Abyss:1:  base: Temple, hangedman_abyss_shoalhut, base:
Temple

Action                   || total
-------------------------++-------
  Use: Potion            ||     2

Table legend: (Time is in decaauts)
 A = Elapsed time spent in this place.
 B = Non-inter-level travel time spent in this place.
 C = Inter-level travel time spent in this place.
 D = Time resting spent in this place.
 E = Time spent auto-exploring this place.
 F = Levels seen in this place.
 G = Mean time per level.
                   A        B        C        D        E       F      G
               +--------+--------+--------+--------+--------+-----+--------+
         Total |     70 |     70 |      0 |      0 |     54 |   1 |   70.0 |
         Abyss |     70 |     70 |      0 |      0 |     54 |   1 |   70.0 |
               +--------+--------+--------+--------+--------+-----+--------+

Top non-repeatable levels by time:
 Abyss:1: 70 daAuts
